 Dungeon Crawl Stone Soup version 0.32-a0-484-g2eb335deba (webtiles) character file.

Game seed: 18224239364562669939

117 mopl the Sneak (level 5, -1/31 HPs)
             Began as an Octopode Alchemist on Feb 26, 2024.
             Slain by an orc
             ... wielding a +0 short sword
              (4 damage)
             ... on level 3 of the Dungeon.
             The game lasted 00:02:30 (1597 turns).

mopl the Sneak (Octopode Alchemist)                 Turns: 1597, Time: 00:02:30

Health: -1/31      AC:  1    Str:  7    XL:     5   Next: 1%
Magic:  4/8        EV: 14    Int: 19    God:
Gold:   216        SH:  0    Dex: 19    Spells: 4/9 levels left

rFire   . . .        (no weapon)
rCold   + . .        (no shield)
rNeg    . . .        (helmet restricted)
rPois   .            (no amulet)
rElec   .            k - ring of protection from cold
rCorr   .            p - +6 ring of dexterity
SInv    .            (no ring)
Will    .....        (no ring)
Stlth   ++++         (no ring)
HPRegen 0.25/turn    (no ring)
MPRegen 0.11/turn    (no ring)
                     (no ring)

%: no passive effects
@: no status effects
A: almost no armour, amphibious, 8 rings, camouflage 1, gelatinous body 1,
(nimble swimmer 1), tentacles
a: no special abilities


You were on level 3 of the Dungeon.
You visited 1 branch of the dungeon, and saw 3 of its levels.

You collected 216 gold pieces.

Inventory:

Missiles
 o - 11 poisoned darts
Jewellery
 k - a ring of protection from cold (left tentacle)
 n - the amulet "Seorph" {Faith Rampage rF+ Str+2 Int-3}
   (You found it on level 3 of the Dungeon)

   [amulet of faith]

   Faith:     It allows you to gain divine favour quickly.
   Str+2:     It affects your strength (+2).
   Int-3:     It affects your intelligence (-3).
   rF+:       It protects you from fire.
   Rampage:   It bestows one free step when moving towards enemies.
 p - a +6 ring of dexterity (right tentacle)
Wands
 q - a wand of iceblast (4)
Scrolls
 c - 2 scrolls of poison {unknown}
 e - a scroll of fog {unknown}
 g - a scroll of enchant weapon {unknown}
 h - 3 scrolls of teleportation {unknown}
 i - a scroll of noise {unknown}
 m - a scroll of identify {unknown}
Potions
 a - 3 potions of magic
 b - 2 potions of heal wounds {unknown}
 d - a potion of cancellation {unknown}
 f - a potion of brilliance {unknown}
 j - a potion of invisibility {unknown}
 l - a potion of experience {unknown}


   Skills:
 + Level 2.8 Dodging
 + Level 4.0 Stealth
 + Level 2.6 Spellcasting
 + Level 2.1 Conjurations
 + Level 4.0 Alchemy


You had 4 spell levels left.
You knew the following spells:

 Your Spells              Type           Power      Damage    Failure   Level
a - Sting                 Conj/Alch      56%        1d6       4%          1
o - Olgreb's Toxic Radia  Alch           17%        N/A       30%         4

Your spell library contained the following spells:

 Spells                   Type           Power      Damage    Failure   Level
 Mercury Vapours          Alch/Air       20%        N/A       11%         2
 Apportation              Tloc           4%         N/A       16%         1
 Mephitic Cloud           Conj/Alch/Air  10%        N/A       21%         3
 Sticky Flame             Fire/Alch      10%        2d5       56%         4


Dungeon Overview and Level Annotations

Branches:
Dungeon (3/15)

Altars:


Innate Abilities, Weirdness & Mutations

You cannot wear most types of armour.
You are amphibious.
You can wear up to eight rings at the same time.
Your skin changes colour to match your surroundings (Stealth+).
Your rubbery body absorbs attacks. (AC +1, EV +1)
((You are camouflaged when in or above water. (Stealth+)))
You have tentacles for arms and can constrict up to eight enemies at once.


Message History

The sting hits the orc but does no damage.
The orc is poisoned.
You constrict the sleepcap. The sleepcap releases spores at you.
The orc hits you with a +0 short sword.
Unknown command.
You barely miss the orc. Your grab misses the orc.
The orc is lightly wounded.
You constrict the sleepcap, but do no damage.
The sleepcap releases spores at you.
You are engulfed in a cloud of soporific spores!
You fall asleep.
You lose your grip on the sleepcap.
The orc hits you with a +0 short sword!
You wake up.
* * * LOW HITPOINT WARNING * * *
Casting: Sting (safe; 4% risk of failure)
Confirm with . or Enter, or press ? or * to list all spells.
Aiming: Sting (safe; 4% risk of failure)
Press: ? - help, Shift-Dir - straight line, f/p - orc
Aim: an orc, wielding a +0 short sword and wearing a +0 ring mail (moderately wounded, poisoned, 75% to hit)
The sting hits the orc but does no damage.
The orc looks even sicker.
The orc is moderately wounded.
The sleepcap looks more healthy.
The sleepcap releases spores at you.
* * * LOW HITPOINT WARNING * * *
You are engulfed in a cloud of soporific spores!
You are unaffected.
The orc completely misses you.
Casting: Sting (safe; 4% risk of failure)
Confirm with . or Enter, or press ? or * to list all spells.
Aiming: Sting (safe; 4% risk of failure)
Press: ? - help, Shift-Dir - straight line, f/p - orc
Aim: an orc, wielding a +0 short sword and wearing a +0 ring mail (heavily wounded, very poisoned, 75% to hit)
Okay, then.
You tentacle-slap the sleepcap but do no damage.
You grab the sleepcap. You squeeze the sleepcap.
The sleepcap is severely damaged.
You constrict the sleepcap. The sleepcap misses you. The orc barely misses you.
You tentacle-slap the sleepcap but do no damage.
The sleepcap is almost destroyed.
You constrict the sleepcap. The sleepcap barely misses you.
The orc hits you with a +0 short sword.
You die...

.##.##.#
#....#..........
.#.....#
.....#########..##
..#.#### #......
##..# #'#.####
###..... #..##
.......# #....# .###
#..#
.....#...######....
..# #..###
...†.###.........###
#.####..... .....#
......#...#
#.#....#### .....#
....!.f@..#
##...#### .....#
......o.### #..###
.....#
......#..####.##
......#
......##..#...#
#####.# ..(..
##.#...#### ...
<#### #.........#
.... #...##.##'####
.... #.#....#.....#
... #.....[#.....#


You could see a sleepcap and an orc (very poisoned).

Vanquished Creatures
  A bombardier beetle (D:3)
  Ijyb (D:3)
  An adder (D:3)
  3 bats
  4 endoplasms
  4 giant cockroaches
  7 goblins
  7 hobgoblins
  2 jackals (D:1)
  2 kobolds (D:1)
  2 quokkas (D:1)
  7 ball pythons
  3 frilled lizards
  4 rats
48 creatures vanquished.

Notes
Turn   | Place    | Note
-------+----------+-------------------------------------------
     0 | D:1      | mopl the Octopode Alchemist began the quest for the Orb.
     0 | D:1      | Reached XP level 1. HP: 11/11 MP: 3/3
   191 | D:1      | Reached XP level 2. HP: 17/17 MP: 5/5
   194 | D:1      | You fall into a shaft and drop 1 floor!
   212 | D:2      | Reached skill level 3 in Stealth
   379 | D:1      | Reached XP level 3. HP: 21/21 MP: 4/6
  1123 | D:2      | Found a faded altar of an unknown god.
  1131 | D:2      | Got Plato's Elucidation of Space
  1263 | D:3      | Identified the amulet "Seorph" {Faith Rampage rF+ Str+2
                  | Int-3}
  1423 | D:3      | Noticed Ijyb
  1444 | D:3      | Killed Ijyb
  1445 | D:3      | Reached XP level 4. HP: 22/27 MP: 1/7
  1501 | D:3      | Learned a level 4 spell: Olgreb's Toxic Radiance
  1542 | D:3      | Reached skill level 4 in Stealth
  1542 | D:3      | Reached skill level 2 in Conjurations
  1546 | D:3      | Reached skill level 4 in Alchemy
  1546 | D:3      | Reached XP level 5. HP: 31/31 MP: 2/8
  1597 | D:3      | Slain by an orc

Illustrated notes

Levels and vault maps discovered:
D:1:      dpeg_arrival_refuge, layout_basic
D:2:      layout_rooms, shapermc_ecumenical_altar_rom_forum,
          grunt_ministairs_12, nrook_mini_backslash
D:3:      layout_basic, hangedman_decor_push, uniq_robin, uniq_ijyb

Skill      XL: |  1  2  3  4 |
---------------+-------------+-----
Stealth        | 3 4 |  4.0
Conjurations   | 2 |  2.1
Alchemy        | 4 |  4.0
Dodging        | |  2.8
Spellcasting   | |  2.6

Action                     |  1- 3 |  4- 6 || total
---------------------------+-------+-------++-------
  Melee: Unarmed           |    77 |     8 ||    85
         Constrict         |    16 |     2 ||    18
         Tentacles         |    23 |     3 ||    26
   Cast: Sting             |    47 |     9 ||    56
   Stab: Sleeping          |     8 |       ||     8
 Armour: Skin              |    36 |     8 ||    44
  Dodge: Dodged            |    65 |     9 ||    74

Table legend: (Time is in decaauts)
 A = Elapsed time spent in this place.
 B = Non-inter-level travel time spent in this place.
 C = Inter-level travel time spent in this place.
 D = Time resting spent in this place.
 E = Time spent auto-exploring this place.
 F = Levels seen in this place.
 G = Mean time per level.
                   A        B        C        D        E       F      G
               +--------+--------+--------+--------+--------+-----+--------+
         Total |   1596 |   1501 |     95 |     89 |   1046 |   3 |  532.0 |
       Dungeon |   1596 |   1501 |     95 |     89 |   1046 |   3 |  532.0 |
               +--------+--------+--------+--------+--------+-----+--------+

Top non-repeatable levels by time:
     D:1: 666 daAuts
     D:2: 567 daAuts
     D:3: 362 daAuts
